 Dungeon Crawl Stone Soup version 0.23.2-1-ga50397a (webtiles) character file.

Game seed: 2564284990470559420

2139 night the Reanimator (level 9, 0/68 HPs)
             Began as a Deep Dwarf Necromancer on Apr 26, 2019.
             Slain by Harold
             ... wielding a +2 short sword of draining
              (2 damage)
             ... on level 7 of the Dungeon.
             The game lasted 00:25:18 (6804 turns).

night the Reanimator (Deep Dwarf Necromancer)       Turns: 6804, Time: 00:25:19

Health: 0/68       AC:  5    Str: 12    XL:     9   Next: 9%
Magic:  11/33 (15) EV: 11    Int: 19    God:
Gold:   261        SH:  0    Dex: 13    Spells: 11/19 levels left

rFire    . . .     SeeInvis .   a - +2 dagger (venom)
rCold    . . .     Gourm    .   (no shield)
rNeg     . . .     Faith    .   i - +0 robe
rPois    .         Spirit   .   (no helmet)
rElec    .         Reflect  .   l - +1 cloak
rCorr    .         Harm     .   t - +0 pair of gloves
MR       +....                  (no boots)
Stlth    ++........             x - amulet of the acrobat
HPRegen  0.00/turn              g - ring of magical power
MPRegen  0.23/turn              k - ring of magical power

@: marked, very slightly contaminated, non-regenerating, heavily drained
A: damage resistance, heal wounds, sense surroundings 2, no regeneration
a: Heal Wounds


You were on level 7 of the Dungeon.
You were hungry.

You visited 1 branch of the dungeon, and saw 7 of its levels.

You collected 261 gold pieces.

Inventory:

Hand Weapons
 a - a +2 dagger of venom (weapon)
 b - a +1 long sword
Missiles
 h - 217 stones (quivered)
 q - 56 sling bullets
 y - 27 bolts
Armour
 i - a +0 robe (worn)
 l - a +1 cloak (worn)
 o - a +0 leather armour
 t - a +0 pair of gloves (worn)
Jewellery
 g - a ring of magical power (left hand)
 k - a ring of magical power (right hand)
 p - an uncursed amulet of rage
 x - an amulet of the acrobat (around neck)
Wands
 f - a wand of polymorph (5)
Scrolls
 e - a scroll of teleportation
 s - 3 scrolls of remove curse
Potions
 d - a potion of flight
 m - 2 potions of haste {unknown}
 n - 3 potions of mutation
 r - a potion of might
 u - a potion of invisibility {unknown}
 w - a potion of degeneration {unknown}
 A - 2 potions of lignification {unknown}
 B - a potion of heal wounds {unknown}
 D - 2 potions of curing
Comestibles
 c - 11 rations
 z - 8 chunks of flesh


   Skills:
 + Level 6.0(4.4) Short Blades
 + Level 1.0(2.6) Long Blades
 - Level 2.2(0.7) Dodging
 - Level 2.4(0.9) Stealth
 - Level 0.3(0.0) Unarmed Combat
 + Level 5.9(4.3) Spellcasting
 + Level 8.9(7.1) Necromancy


You had 11 spell levels left.
You knew the following spells:

 Your Spells              Type           Power        Failure   Level  Hunger
a - Pain                  Necr           ####         1%          1    None
b - Vampiric Draining     Necr           ####......   2%          3    ###....
c - Animate Dead          Necr           N/A          7%          4    ####...

Your spell library contained the following spells:

 Spells                   Type           Power        Failure   Level  Hunger
 Animate Skeleton         Necr           N/A          1%          1    None
 Regeneration             Chrm/Necr      Unusable     N/A         3    N/A

Dungeon Overview and Level Annotations

Branches:
Dungeon (7/15)             Temple (0/1) D:6

Altars:
Zin

Shops:
D:4 *

Annotations:
D:7 exclusion: phantom, Harold


Innate Abilities, Weirdness & Mutations

You are resistant to damage.
You can heal yourself by infusing magical energy.
You passively map the area around you.
You do not regenerate.


Message History

The quokka barely misses you.
Your bullfrog zombie hits Harold.
You hit Harold but do no damage.
Harold is severely wounded.
The orc wizard barely misses you. Harold closely misses you.
The quokka barely misses you. The orc wizard closely misses you.
You barely miss Harold.
Harold is severely wounded.
Your bullfrog zombie closely misses Harold.
The quokka closely misses you.
Harold hits you with a +2 short sword of draining!
You feel drained. The orc wizard closely misses you.
You hit Harold but do no damage.
Harold is severely wounded.
Your bullfrog zombie hits Harold but does no damage.
The orc wizard closely misses you.
The quokka bites you but does no damage.
Harold hits you with a +2 short sword of draining!!
* * * LOW HITPOINT WARNING * * *
You feel drained.
You die...

* **, , ###.##. #....# *,
#.##. ** #....# #.# #....
####....# #.# #Z.#. *,
,.,+.......# *,#.# #....
..#..#....## ,#.# #.... ,
,.......Zc.. ,
,#.#####.... *
........@#######.#......#.
* ,
.......oo@Z....#Z##.###...
, .#.....or#####..)...#
###. *
#.###...#######.#### ## *
, #.........Z.# ,
#.#.######### * ** * ....#
*, ##.### ** #.* * , ,, *
*


You could see Harold, a centaur, an orc priest, an orc wizard, an orc, a quokka,
a friendly bullfrog zombie and a friendly centaur skeleton.

Vanquished Creatures
  A water moccasin (D:6)
  Duvessa (D:7)
  2 orc warriors
  A necrophage (D:6)
  2 centaurs (D:5)
  5 bullfrogs
  A gnoll sergeant (D:7)
  Dowan (D:7)
  A water moccasin skeleton (D:4)
  A wight (D:6)
  A crimson imp (D:5)
  A quasit (D:5)
  A gnoll shaman (D:7)
  An orc priest (D:2)
  3 bullfrog skeletons
  A jelly (D:6)
  2 orc wizards
  A centaur skeleton (D:7)
  2 iguanas (D:6)
  A killer bee zombie (D:7)
  7 worker ants (D:4)
  13 gnolls
  7 adders
  3 oozes
  An adder skeleton (D:6)
  A dart slug (D:1)
  3 leopard geckos
  10 orcs
  6 bats
  6 giant cockroaches
  2 goblins (D:1)
  10 hobgoblins
  10 jackals
  5 kobolds
  A ball python (D:3)
  6 frilled lizards
  A leopard gecko skeleton (D:7)
  6 rats
128 creatures vanquished.

Vanquished Creatures (collateral kills)
  A centaur (D:7)
  An orc priest (D:7)
  An orc wizard (D:7)
  An orc (D:7)
  A jackal skeleton (D:7)
5 creatures vanquished.

Grand Total: 133 creatures vanquished

Notes
Turn   | Place    | Note
-------+----------+-------------------------------------------
     0 | D:1      | night the Deep Dwarf Necromancer began the quest for the
                  | Orb.
     0 | D:1      | Reached XP level 1. HP: 15/15 MP: 3/3
   214 | D:1      | Reached XP level 2. HP: 22/22 MP: 0/4
   781 | D:1      | Reached skill level 5 in Necromancy
   831 | D:1      | Reached XP level 3. HP: 20/28 MP: 0/6
   891 | D:1      | Learned a level 3 spell: Vampiric Draining
  1916 | D:2      | Noticed an orc warrior
  1934 | D:2      | Reached skill level 1 in Short Blades
  1971 | D:2      | Killed an orc warrior
  1971 | D:2      | Reached XP level 4. HP: 23/36 MP: 0/8
  1971 | D:2      | Reached XP level 5. HP: 27/42 MP: 0/9
  3213 | D:3      | Reached skill level 6 in Necromancy
  3378 | D:3      | Found a glowing silver altar of Zin.
  3804 | D:3      | Reached XP level 6. HP: 46/49 MP: 10/10
  4151 | D:4      | Found Fenif's Assorted Antiques.
  4601 | D:4      | Reached XP level 7. HP: 29/55 MP: 12/12
  4753 | D:5      | Entered Level 5 of the Dungeon
  4961 | D:5      | Reached skill level 7 in Necromancy
  5455 | D:6      | Found a staircase to the Ecumenical Temple.
  5476 | D:6      | Reached XP level 8. HP: 10/61 MP: 14/15
  5708 | D:6      | Reached skill level 5 in Spellcasting
  5712 | D:6      | Reached skill level 5 in Short Blades
  5712 | D:6      | Reached skill level 8 in Necromancy
  6513 | D:7      | Noticed Dowan
  6514 | D:7      | Noticed Duvessa
  6524 | D:7      | Killed Duvessa
  6530 | D:7      | Killed Dowan
  6673 | D:7      | Learned a level 4 spell: Animate Dead
  6708 | D:7      | Gained mutation: You passively map the area around you.
                  | [Deep Dwarf growth]
  6708 | D:7      | Reached XP level 9. HP: 24/68 MP: 1/15
  6778 | D:7      | Noticed Harold
  6782 | D:7      | Reached skill level 1 in Long Blades
  6804 | D:7      | HP: 2/68 [Harold/+2 short sword of draining (20)]
  6804 | D:7      | Slain by Harold

Skill      XL: |  1  2  3  4  5  6  7  8  9 |
---------------+----------------------------+-----
Spellcasting   | 2 3 4 5 |  5.9
Necromancy     | 5 6 7 8 |  8.9
Short Blades   | 2 3 4 5 6 |  6.0
Long Blades    | 1 |  1.0
Dodging        | |  2.2
Stealth        | |  2.4
Unarmed Combat | |  0.3

Action                   |  1- 3 |  4- 6 |  7- 9 || total
-------------------------+-------+-------+-------++-------
Melee: Unarmed           |    27 |       |       ||    27
       Dagger            |    33 |    89 |   116 ||   238
       Punch             |       |     1 |       ||     1
       Long sword        |       |       |    35 ||    35
 Cast: Pain              |    30 |    34 |    21 ||    85
       Vampiric Draining |    14 |    36 |    80 ||   130
       Animate Dead      |       |       |     2 ||     2
 Abil: Heal Wounds       |       |       |     3 ||     3
  Use: Scroll            |       |     5 |     3 ||     8
       Potion            |       |     1 |     4 ||     5
 Stab: Sleeping          |       |     2 |     1 ||     3
  Eat: Chunk             |     5 |    12 |    12 ||    29
Armor: Robe              |     9 |    25 |    44 ||    78
Dodge: Dodged            |    51 |    84 |   158 ||   293
       Rpst.: Long sword |       |       |    12 ||    12
